Map: Berlingrad LE

Players

A.I. 1 (Very Easy) - Winner!

  • Race: Zerg Zerg

Ryoung

  • Race: Terran Terran
  • League: Diamond

VOD

Have the link to the VOD?

Description

Time

  • Played on: March 3, 2022, 8:19 a.m.
  • Length: 7:19
Show
View Real Time Build Order
Export as new Build Order

A.I. 1 (Very Easy) Zerg - Winner!

Build Orders: Pool First 

Get SALT Encoding   

  12  0:01  Drone  
  13  0:12  Overlord  
  13  0:16  Drone  
  14  0:34  Spawning Pool  
  13  0:37  Drone  
  13  0:41  Extractor  
  13  0:44  Drone  
  14  0:52  Overlord  
  14  1:22  Zergling x2, Queen  
  17  1:29  Roach Warren  
  16  1:33  Drone  
  16  1:37  Extractor  
  16  1:39  Zergling x2  
  17  1:41  Drone  
  18  1:54  Drone  
  18  1:57  Zergling x2  
  20  2:05  Drone  
  21  2:16  Drone  
  22  2:27  Drone  
  22  2:29  Overlord  
  23  2:34  Drone  
  24  2:41  Drone  
  25  3:50  Zergling x2  
  25  5:42  Roach, Drone  
  28  5:43  Lair  
  28  5:49  Drone  
  29  5:56  Drone  
  30  5:58  Overlord  
  30  6:03  Drone  
  31  6:10  Drone  
  29  6:18  Drone  
  30  6:23  Zergling x2, Ravager  
  32  6:43  Overseer x2  
  32  7:14  Hatchery  
Show
View Real Time Build Order
Export as new Build Order

Ryoung Terran 

Build Orders: Command Center First (CC), Hellion Opening 

Get SALT Encoding   

  12  0:00  SCV  
  13  0:12  SCV  
  14  0:16  Supply Depot  
  14  0:24  SCV  
  15  0:38  SCV  
  16  0:50  SCV  
  17  0:58  Command Center  
  17  1:02  SCV  
  18  1:16  Barracks, SCV  
  19  1:24  Refinery  
  19  1:28  SCV  
  19  1:30  Refinery  
  20  1:40  SCV  
  21  1:52  SCV  
  22  2:04  Marine  
  22  2:05  Orbital Command  
  23  2:10  Orbital Command  
  23  2:20  Factory  
  23  2:23  Barracks Reactor  
  23  2:31  Supply Depot, SCV  
  23  2:36  SCV  
  25  2:43  SCV  
  26  2:48  SCV  
  27  2:55  SCV  
  28  3:00  SCV  
  29  3:06  Starport  
  29  3:08  SCV, Barracks Tech Lab  
  29  3:09  Hellion  
  29  3:10  Hellion  
  35  3:12  SCV  
  35  3:17  Supply Depot  
  35  3:20  SCV  
  35  3:25  SCV  
  35  3:26  Marine  
  38  3:27  Stimpack  
  38  3:31  Hellion x2  
  38  3:32  SCV  
  43  3:37  SCV  
  44  3:42  Viking  
  44  3:44  SCV  
  44  3:45  Supply Depot  
  47  3:49  Marine, SCV  
  47  3:54  Hellion x2  
  53  3:56  SCV  
  54  4:07  SCV  
  54  4:08  Marine, Supply Depot, SCV  
  57  4:15  Starport Reactor  
  57  4:19  SCV  
  57  4:23  Barracks x2  
  58  4:25  Engineering Bay, Factory Tech Lab, SCV, Refinery  
  60  4:31  Marine, SCV  
  60  4:32  Supply Depot  
  60  4:37  SCV  
  62  4:43  SCV  
  62  4:45  Siege Tank  
  66  4:50  SCV  
  66  4:51  Barracks  
  66  4:52  Barracks, Terran Infantry Weapons Level 1  
  67  4:55  SCV  
  67  4:59  Supply Depot  
  68  5:02  Supply Depot  
  68  5:03  Starport Reactor  
  68  5:08  Combat Shield  
  68  5:09  Marine  
  69  5:17  Siege Tank  
  69  5:19  Marine  
  69  5:20  Marine x3  
  76  5:26  Supply Depot  
  76  5:27  Marine, Supply Depot  
  77  5:37  Marine x2  
  77  5:38  Marine x2  
  77  5:39  Marine x2  
  77  5:40  Medivac x2  
  87  5:44  Marine  
  87  5:49  Siege Tank  
  91  5:55  Marine x3  
  91  5:56  Marine  
  91  5:57  Marine x2  
  95  5:58  Supply Depot x2  
  95  6:02  Marine  
  98  6:11  Medivac x2  
  98  6:13  Marine x4  
  98  6:14  Marine  
  98  6:15  Marine  
  108  6:20  Marine  
  108  6:21  Siege Tank  
  108  6:23  Supply Depot  
  108  6:25  Supply Depot  
  112  6:31  Marine x4  
  112  6:32  Marine x2  
  116  6:38  Marine  
  119  6:42  Medivac  
  119  6:43  Medivac  
  119  6:45  Supply Depot  
  123  6:48  Supply Depot  
  123  6:49  Marine x4  
  123  6:50  Marine x2  
  129  6:58  Marine  
  133  7:05  Refinery  
  139  7:16  Supply Depot  
  139  7:19  Command Center, Supply Depot  
Tags
 
Add a new tag
Caveats
  • Supply blocks, unpowered buildings, or Contaminate may cause inaccurate times.
  • Supply counts are checked every 10 seconds.